cohdb
Replays
Latest Replays
All Replays
Popular Replays
Top Player Replays
Match Explorer
How It Works
Community
CoH3 Stats
Reddit
Sign in to upload your games and track your stats! →
Sign in with Steam
Match 33279338
Unlisted
Match 33279338
Overview
Messages
Build Orders
End
Engineer Squad
Construct Barracks
Selects Advanced Infantry Battlegroup
Riflemen Squad
Riflemen Squad
.30 cal Machine Gun
Selects Convert to Ranger Squad
.30 cal Machine Gun
Construct Weapon Support Center
Grenade Package
Bazooka Squad
Bazooka Squad
.30 cal Machine Gun
Selects Frontline Medical Station
Frontline Medical Station
Mortar Pit
Convert to Ranger Squad
Infantry Support Center
Improved M9 Bazooka Rockets
Selects Ammunition Storage
Convert to Ranger Squad
Mortar Pit
Construct Tank Depot
Selects Ranger Weapon Training
M4A1 Sherman Medium Tank
jakubsery
gUi
吃了肠还想吃蛋
CPU - Hard
CPU - Hard
CPU - Hard
0
0
Comments
sign in to comment!
No comments posted yet!